 Dungeon Crawl Stone Soup version 0.26-a0-652-gafc20e3620 (webtiles) character file.

Game seed: 5444413975430867296

382 strifetoe the Chopper (level 6, 0/54 HPs)
             Began as a Palentonga Abyssal Knight on Oct 3, 2020.
             Was a Priest of Lugonu.
             Slain by a howler monkey (4 damage)
             ... on level 3 of the Dungeon.
             The game lasted 00:05:39 (4095 turns).

strifetoe the Chopper (Palentonga Abyssal Knight)   Turns: 4095, Time: 00:05:40

Health: 0/54       AC:  4    Str: 18    XL:     6   Next: 47%
Magic:  8/8        EV:  6    Int: 12    God:    Lugonu [***...]
Gold:   154        SH: 12    Dex:  9    Spells: 5/5 levels left

rFire    . . .     SeeInvis +   a - +1 hand axe
rCold    . . .     Faith    .   p - +0 kite shield
rNeg     . . .     Spirit   .   b - +0 leather armour
rPois    .         Reflect  +   (no helmet)
rElec    .         Harm     .   (no cloak)
rCorr    .         Rampage  .   (no gloves)
MR       .....                  (no barding)
Stlth    +.........             u - amulet of reflection
HPRegen  0.18/turn              (no ring)
MPRegen  0.11/turn              (no ring)

@: very slightly contaminated, invisible
A: large, rugged brown scales 3, see invisible, deformed body, roll, armoured
tail
a: Rolling Charge, Depart the Abyss, Bend Space, Banish, Renounce Religion


You were on level 3 of the Dungeon.
You worshipped Lugonu.
Lugonu was most pleased with you.
You visited 1 branch of the dungeon, and saw 4 of its levels.
You visited the Abyss 1 time.
You also visited: Sewer.

You collected 154 gold pieces.

Inventory:

Hand Weapons
 a - a +1 hand axe (weapon)
Armour
 b - a +0 leather armour (worn)
 p - a +0 kite shield (worn)
Jewellery
 j - an uncursed ring of ice
 u - an amulet of reflection (around neck)
Wands
 q - a wand of iceblast (11)
Scrolls
 c - 6 scrolls of identify
 d - 2 scrolls of noise {unknown}
 e - 3 scrolls of teleportation {unknown}
 f - 2 scrolls of remove curse {unknown}
 i - 2 scrolls of enchant armour {unknown}
 k - 3 scrolls of fear {unknown}
 l - a scroll of random uselessness {unknown}
 m - a scroll of blinking {unknown}
 n - a scroll of magic mapping {unknown}
 r - a scroll of enchant weapon {unknown}
Potions
 g - a potion of brilliance
 h - 2 potions of might
 o - a potion of lignification


   Skills:
 - Level 3.0 Fighting
 + Level 6.4 Axes
 - Level 1.5 Armour
 - Level 0.7 Dodging
 + Level 3.6 Invocations


You had 5 spell levels left.
You didn't know any spells.
Your spell library was empty.

Dungeon Overview and Level Annotations

Branches:
Dungeon (4/15)              Sewer (visited)
 Temple: D:4-7

Altars:
Vehumet

Annotations:
D:4 Sigmund


Innate Abilities, Weirdness & Mutations

You are completely covered in rugged brown scales. (AC +3, +7% HP)
You have supernaturally acute eyesight. (SInv)
Armour fits poorly on your strangely shaped body.
You can roll at foes to attack.
You have a long armoured tail.


Message History

You barely miss the orc. You hit the howler monkey.
The howler monkey barely misses you.
The orc priest calls upon Beogh to heal the orc.
The orc's wounds heal themselves!
The orc hits you but does no damage.
You closely miss the orc priest.
The orc priest is heavily wounded.
You hit the howler monkey. You closely miss the orc.
You block the howler monkey's attack. You block the orc priest's attack.
The orc hits you but does no damage. The howler monkey hits you.
* * * LOW HITPOINT WARNING * * *
Unknown command.
Unknown command.
It was a potion of invisibility.
You fade into invisibility!
The howler monkey hits you but does no damage.
You block the orc's attack. The orc priest closely misses you.
You are very lightly contaminated with residual magic.
It was a potion of magic.
Magic courses through your body. The howler monkey hits you.
You die...

######### #....# #..# #
##..## #..# # ##.## #..#
# #..# #..#### # #.##
#...... # #.# ##.###. #
##########.############.#
#. #
#.........o##...........#
#. ##
#....#####o@#.###########
#. .#####....# #h[#.# #.
..........# #....# #.
.########.# #.#########
#. ##
#.#####.........########.
#
#.......#######..........
######### ###########


You could see a howler monkey, an orc priest and an orc.

Vanquished Creatures
  A vampire bat (D:3)
  A hound (D:3)
  An orc wizard (D:3)
  Ijyb (D:3)
  4 adders
  3 river rats (Sewer)
  3 dart slugs
  3 fire bats (D:3)
  3 worms
  A leopard gecko (D:2)
  6 orcs
  2 spectral bats (D:3)
  20 bats
  3 bat skeletons (D:3)
  A bat zombie (D:3)
  8 giant cockroaches
  8 hobgoblins
  4 jackals (D:3)
  5 kobolds
  5 ball pythons
  A bat simulacrum (D:3)
  8 frilled lizards
  9 goblins
  17 rats
118 creatures vanquished.

Notes
Turn   | Place    | Note
-------+----------+-------------------------------------------
     0 | Abyss:1  | strifetoe the Palentonga Abyssal Knight began the quest for
                  | the Orb.
     0 | Abyss:1  | Reached XP level 1. HP: 20/20 MP: 2/2
    53 | Abyss:1  | Noticed a ynoxinul
    54 | D:1      | Escaped the Abyss
   332 | D:1      | Reached XP level 2. HP: 24/27 MP: 3/3
   422 | D:1      | Reached * piety under Lugonu
   469 | D:1      | Reached skill level 3 in Axes
   985 | D:2      | Reached XP level 3. HP: 31/33 MP: 4/4
  1360 | D:2      | Reached skill level 4 in Axes
  1433 | D:2      | Reached ** piety under Lugonu
  1679 | D:2      | Found a radiant altar of Vehumet.
  1710 | D:2      | Reached XP level 4. HP: 39/40 MP: 5/5
  2106 | D:3      | Noticed Ijyb
  2107 | D:3      | Found a glowing drain.
  2127 | D:3      | Killed Ijyb
  2156 | D:3      | Reached skill level 5 in Axes
  2173 | D:3      | Reached XP level 5. HP: 10/48 MP: 6/6
  2334 | Sewer    | Entered a sewer
  3498 | D:3      | Reached *** piety under Lugonu
  3521 | D:3      | Reached skill level 6 in Axes
  3521 | D:3      | Reached XP level 6. HP: 51/54 MP: 6/8
  3784 | D:4      | Noticed Sigmund
  4095 | D:3      | Slain by a howler monkey

Illustrated notes

Levels and vault maps discovered:
D:1:      dpeg_arrival_rooms_b, layout_rooms
D:2:      minmay_skewed_foursquare, layout_basic, vehumet_crystals
D:3:      wander_river, layout_loops_ring, gup_sewer_entry_glass,
          goddamned_bats, uniq_ijyb
D:4:      layout_layer_cave, minmay_temple_entry_trees,
          minmay_fractal_squares_5, uniq_sigmund

Skill      XL: |  1  2  3  4  5  6 |
---------------+-------------------+-----
Axes           | 3 4 5 6 |  6.4
Invocations    | 3 |  3.6
Fighting       | |  3.0
Armour         | |  1.5
Dodging        | |  0.7

Action                   |  1- 3 |  4- 6 || total
-------------------------+-------+-------++-------
Melee: Hand axe          |   155 |   227 ||   382
       Tailslap          |    15 |    21 ||    36
Invok: Depart the Abyss  |     1 |       ||     1
Evoke: Wand              |       |     1 ||     1
  Use: Scroll            |     1 |     1 ||     2
       Potion            |       |     5 ||     5
Armor: Leather armour    |    77 |   122 ||   199
Dodge: Dodged            |    65 |    79 ||   144
Block: Kite shield       |     6 |   105 ||   111
       Reflection        |       |     1 ||     1

Table legend: (Time is in decaauts)
 A = Elapsed time spent in this place.
 B = Non-inter-level travel time spent in this place.
 C = Inter-level travel time spent in this place.
 D = Time resting spent in this place.
 E = Time spent auto-exploring this place.
 F = Levels seen in this place.
 G = Mean time per level.
                   A        B        C        D        E       F      G
               +--------+--------+--------+--------+--------+-----+--------+
         Total |   4210 |   4143 |     67 |    572 |   2697 |   6 |  701.7 |
       Dungeon |   3532 |   3465 |     67 |    572 |   2216 |   4 |  883.0 |
         Abyss |     54 |     54 |      0 |      0 |      0 |   1 |   54.0 |
         Sewer |    623 |    623 |      0 |      0 |    481 |   1 |  623.0 |
               +--------+--------+--------+--------+--------+-----+--------+

Top non-repeatable levels by time:
     D:3: 1460 daAuts
     D:2: 1152 daAuts
     D:1: 904 daAuts
   Sewer: 623 daAuts
 Abyss:1: 54 daAuts
     D:4: 14 daAuts
